 Dungeon Crawl Stone Soup version 0.23-a0-586-gacb4b3f (webtiles) character file.

740 theanonym the Cudgeler (level 7, 0/50 HPs)
             Began as a Mummy Warper on Dec 19, 2018.
             Was a Follower of Okawaru.
             Slain by an ogre
             ... wielding a +0 giant spiked club
              (18 damage)
             ... on level 4 of the Dungeon.
             The game lasted 00:05:48 (5069 turns).

theanonym the Cudgeler (Mummy Warper)               Turns: 5069, Time: 00:05:48

Health: 0/50       AC: 12    Str: 16    XL:     7   Next: 46%
Magic:  11/11      EV:  4    Int: 12    God:    Okawaru [*.....]
Gold:   111        SH:  0    Dex: 12    Spells: 11/11 levels left

rFire    x . .     SeeInvis +   a - +0 mace
rCold    + . .     Gourm    .   (no shield)
rNeg     + + +     Faith    .   i - +0 plate armour
rPois    ∞         Spirit   .   (no helmet)
rElec    .         Reflect  .   k - +1 cloak
rCorr    .         Harm     .   (no gloves)
MR       .....                  (no boots)
Stlth    ..........             e - amulet of magic regeneration
HPRegen  0.16/turn              h - ring of see invisible
MPRegen  0.37/turn              (no ring)

@: no status effects
A: no food or potions, fire vulnerability, cold resistance 1, negative energy
resistance 3, torment resistance, unbreathing
a: Heroism, Renounce Religion


Innate Abilities, Weirdness & Mutations

You do not eat or drink.
Your flesh is vulnerable to fire.
You are immune to poison.
Your flesh is cold resistant. (rC+)
You are immune to negative energy. (rN+++)
You are immune to unholy pain and torment.
You can survive without breathing.


   Skills:
 - Level 2.0 Fighting
 + Level 7.1 Maces & Flails
 - Level 0.7 Throwing
 - Level 0.7 Armour
 - Level 1.5 Dodging
 - Level 2.6 Spellcasting
   Level 2.4 Translocations


You had 11 spell levels left.
You didn't know any spells.
Your spell library contained the following spells:

 Spells                   Type           Power        Failure   Level  Hunger
 Blink                    Tloc           N/A          100%        2    N/A
 Shroud of Golubria       Chrm/Tloc      #.........   100%        2    N/A
 Gell's Gravitas          Tloc           #.........   100%        3    N/A
 Lesser Beckoning         Tloc           #.........   100%        3    N/A
 Teleport Other           Tloc           #.......     100%        3    N/A
 Passage of Golubria      Tloc           N/A          100%        4    N/A

Skill      XL: |  1  2  3  4  5  6  7 |
---------------+----------------------+-----
Maces & Flails | 2 3 4 5 6 7 |  7.1
Fighting       | |  2.0
Throwing       | |  0.7
Armour         | |  0.7
Dodging        | |  1.5
Spellcasting   | |  2.6
Translocations | |  2.4

Action                   |  1- 3 |  4- 6 |  7- 9 || total
-------------------------+-------+-------+-------++-------
Melee: Mace              |   194 |   179 |    62 ||   435
Throw: Tomahawk          |       |     5 |       ||     5
  Use: Scroll            |     3 |     4 |       ||     7
Armor: Ring mail         |    89 |       |       ||    89
       Leather armour    |     2 |       |       ||     2
       Plate armour      |       |   125 |    29 ||   154
Dodge: Dodged            |   133 |    34 |     5 ||   172

Inventory:

Hand Weapons
 a - a +0 mace (weapon)
Armour
 i - a +0 plate armour (worn)
   (You found it on level 3 of the Dungeon)
 k - a +1 cloak (worn)
   (You found it on level 2 of the Dungeon)
Jewellery
 e - an amulet of magic regeneration (around neck)
   (You found it on level 1 of the Dungeon)
 h - a ring of see invisible (left hand)
   (You found it on level 2 of the Dungeon)
Wands
 d - a wand of digging (5)
   (You took it off Dowan on level 4 of the Dungeon)
Scrolls
 c - a scroll of fear
 f - a scroll of fog
 B - a scroll of blinking


You were on level 4 of the Dungeon.
You worshipped Okawaru.
Okawaru was aware of your devotion.
You were not hungry.

You visited 1 branch of the dungeon, and saw 5 of its levels.

You collected 111 gold pieces.

Dungeon Overview and Level Annotations

Branches:
Dungeon (5/15)
 Temple: D:4-7

Altars:
Dithmenos
Okawaru
Xom

,,*,**,,,,,,,*,***,*,**#.........
*,*,**,,,,,,,*,**#.#,* #####...##
*,*,**,,,,,,,*,,....,* #...#
,,,,,,,,,,******#..##****###.%.##
*,**,,,,,,,,* #...,,,.>#......#
,,,*,*,**,*,* #..#####.#.##.#.#
,,,,,*,,,,*,* #.............#.#
,,,,,,,,,...#####..##.........#.#
,<,,,,,,,......O@..##.#..#.##[#.#
,,,*,,,,,...#####..#.............
*,*********** #......).####.###
*** #.##..........#
#.............# #..#.#..#####.###
#....#..# #.##. #...##..# #.##.
#...##..# ###.##.


You could see an ogre.

Notes
Turn   | Place    | Note
-------+----------+-------------------------------------------
     0 | D:1      | theanonym the Mummy Warper began the quest for the Orb.
     0 | D:1      | Reached XP level 1. HP: 16/16 MP: 4/4
   166 | D:1      | HP: 8/16 [ooze (3)]
   177 | D:1      | HP: 7/16 [ooze (2)]
   181 | D:1      | Reached skill level 2 in Maces & Flails
   184 | D:1      | HP: 6/16 [dart slug (1)]
   186 | D:1      | Reached XP level 2. HP: 9/22 MP: 5/5
   485 | D:1      | HP: 11/22 [kobold (2)]
   933 | D:2      | Reached XP level 3. HP: 20/27 MP: 7/7
   937 | D:2      | HP: 13/27 [adder (4)]
   938 | D:2      | Reached skill level 3 in Maces & Flails
  1846 | D:3      | Found a shimmering altar of Xom.
  2051 | D:3      | Reached XP level 4. HP: 33/33 MP: 8/8
  2577 | D:4      | Found a shadowy altar of Dithmenos.
  2688 | D:4      | HP: 16/33 [worm (8)]
  2893 | D:4      | Reached skill level 4 in Maces & Flails
  2941 | D:4      | Noticed a phantom
  2956 | D:4      | HP: 13/33 [phantom (6)]
  3270 | D:4      | Noticed an ogre
  3279 | D:4      | HP: 14/33 [ogre/+0 giant spiked club (11)]
  3559 | D:4      | Noticed Dowan
  3575 | D:4      | Killed Dowan
  3575 | D:4      | Reached XP level 5. HP: 30/38 MP: 9/9
  3641 | D:4      | Noticed Grinder
  3665 | D:4      | Paralysed by Grinder for 6 turns
  3678 | D:4      | Paralysed by Grinder for 7 turns
  3696 | D:4      | Paralysed by Grinder for 7 turns
  3706 | D:4      | Killed Grinder
  3706 | D:4      | Reached skill level 5 in Maces & Flails
  3706 | D:4      | Reached XP level 6. HP: 23/44 MP: 10/10
  3737 | D:4      | Noticed Duvessa
  3745 | D:4      | HP: 16/44 [Duvessa/+1 vampiric rapier (7)]
  3752 | D:5      | Entered Level 5 of the Dungeon
  3761 | D:5      | HP: 11/44 [scorpion (3)]
  4015 | D:5      | Reached skill level 6 in Maces & Flails
  4024 | D:5      | Found an iron altar of Okawaru.
  4027 | D:5      | Noticed Menkaure
  4030 | D:5      | Became a worshipper of Warmaster Okawaru
  4040 | D:5      | HP: 22/44 [gnoll sergeant/+3 trident of freezing (1)]
  4044 | D:5      | HP: 4/44 [Menkaure (19)]
  4046 | D:4      | Killed Menkaure
  4046 | D:4      | Reached XP level 7. HP: 4/50 MP: 11/11
  4789 | D:4      | Found a shadowy altar of Dithmenos.
  4816 | D:4      | HP: 21/50 [Duvessa/+1 vampiric rapier (5)]
  4817 | D:4      | Killed Duvessa
  4817 | D:4      | Reached * piety under Okawaru
  4817 | D:4      | Reached skill level 7 in Maces & Flails
  5066 | D:4      | HP: 21/50 [ogre/+0 giant spiked club (10)]
  5069 | D:4      | Slain by an ogre

Vanquished Creatures
  Grinder (D:4)
  Menkaure (D:4)
  Duvessa (D:4)
  A phantom (D:4)
  A scorpion (D:5)
  Dowan (D:4)
  A worker ant (D:5)
  A hound skeleton (D:4)
  3 adders
  2 oozes
  An adder skeleton (D:4)
  2 worms (D:4)
  2 dart slugs
  2 leopard geckos (D:2)
  3 orcs
  6 bats
  3 giant cockroaches
  5 goblins
  8 hobgoblins
  3 frilled lizards
  7 kobolds
  A leopard gecko skeleton (D:4)
  7 rats
63 creatures vanquished.

Table legend:
 A = Turns spent in this place as a percentage of turns spent in the entire game.
 B = Non-inter-level travel turns spent in this place as a percentage of non-inter-level travel turns spent in the entire game.
 C = Inter-level travel turns spent in this place as a percentage of turns spent in this place.
 D = Turns resting spent in this place as a percentage of non-inter-level travel turns spent in this place.
 E = Turns spent auto-exploring this place as a percentage of non-inter-level travel turns spent in this place.
 F = Non-inter-level travel turns spent in this place divided by the number of levels of this place that you've seen.
                   A       B       C       D       E      F
               +-------+-------+-------+-------+-------+----------------------
         Total | 100.0 | 100.0 |   4.5 |  41.9 |  41.2 | 968.6
       Dungeon | 100.0 | 100.0 |   4.5 |  41.9 |  41.2 | 968.6
               +-------+-------+-------+-------+-------+----------------------
